 Dungeon Crawl Stone Soup version 0.22.1-1-ga44c0e56f4 (webtiles) character file.

506 Peloso the Shield-Bearer (level 6, -5/56 HPs)
             Began as a Minotaur Fighter on Sept 21, 2018.
             Slain by a killer bee (6 damage)
             ... on level 4 of the Dungeon.
             The game lasted 00:05:13 (2681 turns).

Peloso the Shield-Bearer (Minotaur Fighter)         Turns: 2681, Time: 00:05:14

Health: -5/56      AC:  8    Str: 21    XL:     6   Next: 97%
Magic:  5/5        EV:  8    Int:  5    God:
Gold:   135        SH: 10    Dex: 11    Spells: 5/5 levels left

rFire    . . .     SeeInvis .   a - +0 long sword
rCold    . . .     Gourm    .   c - +0 shield
rNeg     . . .     Faith    .   b - +0 scale mail
rPois    .         Spirit   .   (helmet restricted)
rElec    .         Reflect  .   m - +0 cloak
rCorr    .         Harm     .   (no gloves)
MR       .....     Rnd*Tele +   (no boots)
Stlth    ..........             (no amulet)
HPRegen  0.18/turn              n - ring of teleportation (curse)
MPRegen  0.09/turn              (no ring)

@: lethally poisoned (-5 -> -12), hasted, very quick
A: retaliatory headbutt, horns 2
a: no special abilities


You were on level 4 of the Dungeon.
You were not hungry.

You visited 1 branch of the dungeon, and saw 4 of its levels.

You collected 135 gold pieces.

Inventory:

Hand Weapons
 a - a +0 long sword (weapon)
Armour
 b - a +0 scale mail (worn)
 c - a +0 shield (worn)
 m - a +0 cloak (worn)
Jewellery
 n - a cursed ring of teleportation (left hand)
Scrolls
 d - a scroll of magic mapping {unknown}
 e - 2 scrolls of enchant weapon {unknown}
 g - 2 scrolls of teleportation {unknown}
 i - a scroll of fog {unknown}
 k - 3 scrolls of remove curse {unknown}
 l - 2 scrolls of identify {unknown}
Potions
 p - a potion of magic {unknown}
Comestibles
 f - 5 rations
 q - 3 chunks of flesh


   Skills:
 + Level 5.0 Fighting
 + Level 5.4 Long Blades
 + Level 5.6 Armour
 + Level 1.3 Dodging
 + Level 0.1 Stealth
 + Level 5.6 Shields


You had 5 spell levels left.
You didn't know any spells.
Your spell library contained the following spells:

 Spells                   Type           Power        Failure   Level  Hunger
 Animate Skeleton         Necr           N/A          99%         1    ##.....
 Apportation              Tloc           #.....       99%         1    ##.....
 Confusing Touch          Hex            #.....       99%         1    ##.....
 Summon Small Mammal      Summ           #...         99%         1    ##.....


Dungeon Overview and Level Annotations

Branches:
Dungeon (4/15)
 Temple: D:4-7

Altars:
Ru

Annotations:
D:3 2 transporters, OdinFK's ghost, amateur MiBe
D:4 Grinder


Innate Abilities, Weirdness & Mutations

You reflexively headbutt those who attack you in melee.
You have a pair of horns on your head.


Message History

The killer bee stings you but does no damage.
The killer bee barely misses you.
You riposte.
You barely miss the killer bee.
The killer bee is moderately wounded.
It was a potion of cancellation.
Your magical effects are unravelling.
You feel magically purged.
You feel less wooden.
Your +0 cloak unmelds from your body.
Your +0 scale mail unmelds from your body.
* * * LOW HITPOINT WARNING * * *
You feel sick.
The killer bee stings you but does no damage.
The killer bee stings you.
* * * LOW HITPOINT WARNING * * *
Unknown command.
It was a potion of haste.
You feel yourself speed up.
* * * LOW HITPOINT WARNING * * *
You feel sick. The killer bee closely misses you. You furiously retaliate!
You headbutt the killer bee. The killer bee stings you.
You die...

####### ......#
##################
......######................#
......#...##.##############.#
......'...'..#..........†.#.#
......#...####.#########†...#
.>....#...# ##'########.....#
......#...# #...@yyZyy#.....#
#######...# #...#####Z#.....#
#...# #...# #.#.....# #####
##### #.#.....# #Z#######
#y#..Z..## #y..yZ5...
#######...


You could see 4 killer bees, a jackal skeleton and a centaur skeleton.

Vanquished Creatures
  Sigmund (D:2)
  An ogre (D:3)
  A killer bee (D:4)
  A hound (D:4)
  Crazy Yiuf (D:3)
  A worker ant (D:3)
  3 adders (D:3)
  3 worms
  4 dart slugs
  3 leopard geckos
  4 orcs (D:3)
  7 bats
  3 giant cockroaches
  6 goblins
  12 hobgoblins
  12 jackals
  A frilled lizard (D:3)
  11 kobolds
  8 rats
83 creatures vanquished.

Notes
Turn   | Place    | Note
-------+----------+-------------------------------------------
     0 | D:1      | Peloso the Minotaur Fighter began the quest for the Orb.
     0 | D:1      | Reached XP level 1. HP: 19/19 MP: 0/0
   107 | D:1      | Reached XP level 2. HP: 25/27 MP: 1/1
   535 | D:1      | Reached XP level 3. HP: 31/33 MP: 2/2
   847 | D:2      | Noticed Sigmund
   853 | D:2      | Killed Sigmund
   853 | D:2      | Reached skill level 1 in Dodging
   853 | D:2      | Reached skill level 5 in Shields
   853 | D:2      | Reached XP level 4. HP: 29/41 MP: 3/3
   853 | D:2      | Reached XP level 5. HP: 33/47 MP: 4/4
  1099 | D:3      | Found a runed door.
  1103 | D:3      | Noticed Crazy Yiuf
  1112 | D:3      | Killed Crazy Yiuf
  1404 | D:3      | Reached XP level 6. HP: 53/53 MP: 5/5
  1409 | D:3      | Found a sacrificial altar of Ru.
  1488 | D:3      | Found a transporter.
  1490 | D:3      | Noticed OdinFK's ghost (amateur MiBe)
  1492 | D:3      | Found a transporter.
  1645 | D:3      | Reached skill level 5 in Armour
  2538 | D:3      | Reached skill level 5 in Long Blades
  2665 | D:4      | Noticed Grinder
  2673 | D:4      | Reached skill level 5 in Fighting
  2680 | D:4      | HP: 2/56 [killer bee (6)]
  2681 | D:4      | Slain by a killer bee

Skill      XL: |  1  2  3  4  5  6 |
---------------+-------------------+-----
Shields        | 4 5 |  5.6
Armour         | 4 5 |  5.6
Fighting       | 4 5 |  5.0
Long Blades    | 4 5 |  5.4
Dodging        | 1 |  1.3
Stealth        | |  0.1

Action                   |  1- 3 |  4- 6 || total
-------------------------+-------+-------++-------
Melee: Long sword        |   105 |    83 ||   188
       Headbutt          |    18 |    16 ||    34
  Use: Potion            |     1 |     3 ||     4
  Eat: Chunk             |       |     6 ||     6
Armor: Scale mail        |    63 |    38 ||   101
       Skin              |       |     1 ||     1
Dodge: Dodged            |    34 |    41 ||    75
Block: Shield            |    71 |    56 ||   127
       Rpst.: Long sword |     9 |    20 ||    29
